 Dungeon Crawl Stone Soup version 0.29-a0-821-g66395355a5 (webtiles) character file.

Game seed: 14217612540089988799

2147 vineage the Fighter (level 9, -8/68 HPs)
             Began as a Gargoyle Fighter on July 7, 2022.
             Was a Priest of Okawaru.
             Mangled by an orc knight
             ... wielding a +0 halberd
              (15 damage)
             ... in a bailey.
             The game lasted 00:07:24 (9492 turns).

vineage the Fighter (Gargoyle Fighter)              Turns: 9492, Time: 00:07:24

Health: -8/68      AC: 19    Str: 25    XL:     9   Next: 31%
Magic:  9/9        EV:  7    Int:  8    God:    Okawaru [***...]
Gold:   313        SH:  4    Dex:  9    Spells: 8/8 levels left

rFire   . . .      SeeInvis +   a - +1 flail
rCold   . . .      Faith    .   c - +0 buckler
rNeg    + . .      Spirit   .   u - +0 chain mail
rPois   ∞          Reflect  .   t - +0 helmet
rElec   +          Harm     .   d - +2 cloak {Stlth+}
rCorr   .          Rampage  .   (no gloves)
Will    .....                   (no boots)
Stlth   ..........              (no amulet)
HPRegen 0.21/turn               n - ring of see invisible
MPRegen 0.11/turn               (no ring)

@: mighty, hasted, studying Polearms, very quick
A: sickness immunity, AC +6, negative energy resistance 1, electricity
resistance, torment resistance 1, petrification resistance
a: Renounce Religion, Heroism


You were in a bailey.
You worshipped Okawaru.
Okawaru was most pleased with you.
You visited 2 branches of the dungeon, and saw 8 of its levels.
You also visited: Bailey.

You collected 313 gold pieces.

Inventory:

Hand Weapons
 a - a +1 flail (weapon)
Armour
 b - a +0 scale mail
 c - a +0 buckler (worn)
 d - a +2 cloak of stealth (worn)
 t - a +0 helmet (worn)
 u - a +0 chain mail (worn)
Jewellery
 n - a ring of see invisible (left hand)
Wands
 g - a wand of light (9)
 i - a wand of digging (4)
 q - a wand of flame (15)
Scrolls
 m - 2 scrolls of teleportation
 p - a scroll of enchant weapon
Potions
 e - 2 potions of curing {unknown}
 h - 2 potions of magic
 j - a potion of resistance {unknown}
 k - a potion of mutation {unknown}
 l - a potion of degeneration {unknown}
 r - a potion of ambrosia {unknown}
 s - a potion of invisibility {unknown}


   Skills:
 * Level 13.4 Fighting
 - Level 2.0 Maces & Flails
 - Level 3.2 Armour
 - Level 3.2 Shields


You had 8 spell levels left.
You didn't know any spells.
Your spell library contained the following spells:

 Spells                   Type           Power      Damage    Failure   Level
 Conjure Flame            Conj/Fire      0%         6-21      100%        3
 Animate Armour           Summ/Erth      Unusable   N/A       N/A         4

Dungeon Overview and Level Annotations

Branches:
Dungeon (7/15)             Temple (1/1) D:4          Bailey (1/1)

Altars:
Ashenzari
Elyvilon
Hepliaklqana
Makhleb
Okawaru
Sif Muna
Uskayaw
Vehumet
Wu Jian
Xom
Zin


Innate Abilities, Weirdness & Mutations

You are immune to sickness and miasma.
Your stone body is resilient. (AC +6)
You are immune to poison.
You resist negative energy. (rN+)
You are resistant to electric shocks. (rElec)
You are resistant to unholy torment.
You are immune to petrification.


Message History

You feel very mighty all of a sudden. The orc hits you but does no damage.
The orc barely misses you.
You sock the orc!
You kill the orc!
Okawaru accepts your kill. The orc hits you but does no damage.
The orc barely misses you.
The orc knight hits you with a +0 halberd!
You barely miss the orc knight. The orc hits you but does no damage.
The orc knight hits you with a +0 halberd!
You closely miss the orc knight. The orc barely misses you.
The orc knight hits you with a +0 halberd!
You are too injured to fight recklessly!
You are too injured to fight recklessly!
You are too injured to fight recklessly!
You are too injured to fight recklessly!
You are too injured to fight recklessly!
You are too injured to fight recklessly!
You are too injured to fight recklessly!
You are too injured to fight recklessly!
You are too injured to fight recklessly!
You are too injured to fight recklessly!
You are too injured to fight recklessly!
You are too injured to fight recklessly!
You are too injured to fight recklessly!
You are too injured to fight recklessly!
You hit the orc knight.
The orc knight is lightly wounded.
The orc hits you but does no damage.
The orc knight roars a battlecry!
The orcs go into a battle-frenzy!
The orc hits you but does no damage.
The orc knight hits you but does no damage.
You barely miss the orc knight.
The orc knight is lightly wounded.
The orc hits you but does no damage.
The orc knight hits you with a +0 halberd!
* * * LOW HITPOINT WARNING * * *
You feel yourself speed up. The orc hits you but does no damage.
The orc knight hits you with a +0 halberd!
You die...

.......##..#'#'#..##.............
.......#..##)#)##..#.............
......##.#########.##............
......##.')#).o#)'.##............
......##.###.8.###.##............
......##.')#.o.#)'.##............
......##.####o####.##............
......##..##∩.o##..#.............
..........##'''#@.##.............
..........##..oo.##..............
≈≈.≈≈≈....##....##...≈≈≈.≈≈......
≈#.##≈....#######....≈##)#≈≈.....
##.∩#≈...............≈#∩)##≈.....
#..)).....................#≈.....
##.##≈...............≈##.##≈.....
###≈≈...............≈≈### .....
≈≈≈≈.................≈≈≈≈≈. ....


You could see an orc knight and an orc (strong).

Vanquished Creatures
  Grinder (D:4)
  Edmund (D:4)
  A black bear (D:6)
  5 orc warriors (Bailey)
  An ogre (D:6)
  2 centaurs (D:6)
  A phantom (D:5)
  Blork the orc (D:4)
  A bullfrog (D:7)
  A necrophage (D:4)
  3 scorpions
  3 jellies
  An orc priest (D:5)
  Crazy Yiuf (D:2)
  7 iguanas
  Ijyb (D:3)
  A hound zombie (D:3)
  A hound skeleton (D:3)
  Robin (D:3)
  8 adders
  A white imp (D:5)
  An ufetubus (D:5)
  2 worms
  A dart slug (D:4)
  29 orcs
  7 bats
  5 endoplasms
  2 giant cockroaches (D:1)
  13 goblins
  9 hobgoblins
  2 quokkas (D:3)
  10 ball pythons
  2 ball python zombies (D:3)
  8 frilled lizards
  A giant cockroach zombie (D:3)
  15 kobolds
  4 rats
154 creatures vanquished.

Vanquished Creatures (others)
  A ball python (D:3)
  A fungus (D:2)
  11 plants
  2 withered plants (D:3)
15 creatures vanquished.

Grand Total: 169 creatures vanquished

Notes
Turn   | Place    | Note
-------+----------+-------------------------------------------
     0 | D:1      | vineage the Gargoyle Fighter began the quest for the Orb.
     0 | D:1      | Reached XP level 1. HP: 14/14 MP: 1/1
   179 | D:1      | Reached XP level 2. HP: 20/20 MP: 2/2
   183 | D:1      | Found a faded altar of an unknown god.
   195 | D:1      | Reached skill level 4 in Fighting
   996 | D:1      | Reached XP level 3. HP: 15/24 MP: 3/3
  1692 | D:2      | Reached skill level 5 in Fighting
  1800 | D:2      | Found a runed translucent door.
  1801 | D:2      | Noticed Crazy Yiuf
  2013 | D:2      | Reached XP level 4. HP: 19/31 MP: 4/4
  2371 | D:2      | Killed Crazy Yiuf
  2426 | D:3      | Reached skill level 6 in Fighting
  2455 | D:3      | Reached XP level 5. HP: 27/36 MP: 5/5
  2457 | D:3      | Noticed Robin
  2472 | D:3      | Killed Robin
  2773 | D:3      | Noticed Ijyb
  2791 | D:3      | Killed Ijyb
  3473 | D:3      | Reached skill level 7 in Fighting
  3706 | D:3      | Reached XP level 6. HP: 44/44 MP: 6/6
  3796 | D:4      | Found a staircase to the Ecumenical Temple.
  3864 | D:4      | Noticed Blork the orc
  3871 | D:4      | Killed Blork the orc
  3944 | Temple   | Entered the Ecumenical Temple
  4112 | Temple   | Became a worshipper of Warmaster Okawaru
  4313 | D:4      | Noticed Grinder
  4330 | D:4      | Killed Grinder
  4330 | D:4      | Reached * piety under Okawaru
  4331 | D:4      | Reached skill level 8 in Fighting
  4331 | D:4      | Reached XP level 7. HP: 39/50 MP: 7/7
  4500 | D:4      | Reached skill level 9 in Fighting
  4607 | D:4      | Noticed Edmund
  4637 | D:4      | Killed Edmund
  5038 | D:5      | Entered Level 5 of the Dungeon
  5103 | D:5      | Reached skill level 10 in Fighting
  5179 | D:5      | Reached ** piety under Okawaru
  5326 | D:5      | Reached XP level 8. HP: 57/57 MP: 8/8
  6126 | D:6      | Reached skill level 11 in Fighting
  7022 | D:6      | Reached skill level 12 in Fighting
  7544 | D:7      | Reached XP level 9. HP: 58/66 MP: 9/9
  7553 | D:7      | Found a flagged portal.
  7667 | Bailey   | Entered a bailey
  8558 | Bailey   | Reached *** piety under Okawaru
  8559 | Bailey   | Reached skill level 13 in Fighting
  9479 | Bailey   | Got the Folio of Blistering Stones
  9480 | Bailey   | Noticed an orc knight
  9492 | Bailey   | Mangled by an orc knight

Illustrated notes

Levels and vault maps discovered:
D:1:      sevenhm_arrival_forest_fort_small_1, layout_basic,
          chequers_ecumenical_altar_simple
D:2:      layout_basic, uniq_crazy_yiuf_cottage
D:3:      layout_loops_ring, gup_sewer_entry_bowl, serial_undead,
          serial_undead_c, serial_undead_c, serial_undead_b, serial_undead_b,
          lexackson_kobold_supper, uniq_robin, uniq_ijyb
D:4:      layout_rooms, minmay_temple_entry_overgrown, serial_corexii_hall,
          chequers_hall_statues_y, chequers_hall_statues_y,
          corexii_hall_statues_l, corexii_hall_statues_l,
          corexii_hall_statues_i, chequers_hall_statues_y,
          hangedman_decor_riveting, serial_bayou_ford_a, uniq_blork_the_orc,
          uniq_grinder, uniq_edmund
D:5:      layout_layer_cave, palyth_stone_intersect
D:6:      layout_basic, small_statue_intersection, minmay_manual_mares
D:7:      kennysheep_big_flooded_room, layout_loops_corners,
          mainiacjoe_overflow_divided_tiny, enter_bailey_4,
          ebering_ghost_disaster_area
Temple:   minmay_crystal_spiral_temple
Bailey:   bailey_polearm_2, bailey

Skill      XL: |  1  2  3  4  5  6  7  8  9 |
---------------+----------------------------+-----
Fighting       | 4 5 6 7 8 10 12 13 | 13.4
Maces & Flails | |  2.0
Armour         | |  3.2
Shields        | |  3.2

Action                   |  1- 3 |  4- 6 |  7- 9 || total
-------------------------+-------+-------+-------++-------
Melee: Flail             |   155 |   165 |   302 ||   622
Invok: Heroism           |       |       |     2 ||     2
  Use: Scroll            |       |     7 |     2 ||     9
       Potion            |       |     2 |     4 ||     6
Armor: Scale mail        |    88 |    91 |   126 ||   305
       Skin              |       |     2 |    21 ||    23
       Chain mail        |       |       |   108 ||   108
Dodge: Dodged            |    74 |    82 |   154 ||   310
Block: Buckler           |    41 |    32 |    65 ||   138

Table legend: (Time is in decaauts)
 A = Elapsed time spent in this place.
 B = Non-inter-level travel time spent in this place.
 C = Inter-level travel time spent in this place.
 D = Time resting spent in this place.
 E = Time spent auto-exploring this place.
 F = Levels seen in this place.
 G = Mean time per level.
                   A        B        C        D        E       F      G
               +--------+--------+--------+--------+--------+-----+--------+
         Total |   9727 |   9392 |    335 |   1843 |   6157 |   9 | 1080.8 |
       Dungeon |   7667 |   7386 |    281 |    670 |   5566 |   7 | 1095.3 |
        Temple |    199 |    145 |     54 |      0 |    134 |   1 |  199.0 |
        Bailey |   1860 |   1860 |      0 |   1173 |    457 |   1 | 1860.0 |
               +--------+--------+--------+--------+--------+-----+--------+

Top non-repeatable levels by time:
  Bailey: 1860 daAuts
     D:6: 1494 daAuts
     D:3: 1367 daAuts
     D:1: 1309 daAuts
     D:2: 1157 daAuts
     D:4: 1154 daAuts
     D:5: 1030 daAuts
  Temple: 199 daAuts
     D:7: 153 daAuts
